 Dungeon Crawl Stone Soup version 0.20.1-1-g8b1a95d (webtiles) character file.

426 PasK the Chopper (level 6, -11/55 HPs)
             Began as a Hill Orc Fighter on Oct 10, 2017.
             Killed from afar by Ijyb (25 damage)
             ... with a wand of acid (?/15)
             ... on level 4 of the Dungeon.
             The game lasted 00:17:59 (3578 turns).

PasK the Chopper (Hill Orc Fighter)                 Turns: 3578, Time: 00:18:00

Health: -11/55     AC:  3    Str: 20    XL:     6   Next: 97%
Magic:  6/6        EV:  8    Int:  8    God:
Gold:   149        SH:  9    Dex: 11    Spells: 5/5 levels left

rFire    . . .     SeeInvis .   a - +0 war axe
rCold    . . .     Gourm    .   c - +0 shield
rNeg     . . .     Faith    .   b - +0 scale mail
rPois    .         Spirit   .   (no helmet)
rElec    .         Reflect  .   (no cloak)
rCorr    .         Harm     .   (no gloves)
MR       .....                  (no boots)
Stlth    ..........             (no amulet)
Regen    0.2/turn               (no ring)
MPRegen  0.1/turn               (no ring)

@: corroded
A: no striking features
a: no special abilities


You were on level 4 of the Dungeon.
You were not hungry.

You visited 1 branch of the dungeon, and saw 4 of its levels.

You collected 149 gold pieces.

Inventory:

Hand Weapons
 a - a +0 war axe (weapon)
Armour
 b - a +0 scale mail (worn)
 c - a +0 shield (worn)
Jewellery
 m - an uncursed ring of protection from cold {unknown}
 p - an uncursed ring of magical power {unknown}
 u - a +2 ring of strength {unknown}
 w - an uncursed ring of flight {unknown}
Scrolls
 d - 2 scrolls of enchant weapon {unknown}
 h - a scroll of noise {unknown}
 j - 7 scrolls of identify {unknown}
 k - 4 scrolls of remove curse
 n - a scroll of teleportation {unknown}
 s - 3 scrolls of recharging {unknown}
 y - a scroll of random uselessness {unknown}
Potions
 e - a potion of resistance
 l - a potion of haste
 o - a potion of heal wounds {unknown}
 q - a potion of curing
 r - a potion of brilliance {unknown}
 t - a potion of cancellation {unknown}
 v - a potion of might
 x - a potion of mutation {unknown}
Comestibles
 f - 2 bread rations
 g - a royal jelly
 i - 3 fruits


   Skills:
 + Level 4.8 Fighting
 + Level 6.0 Axes
 + Level 4.9 Armour
 - Level 1.1 Dodging
 - Level 0.1 Stealth
 - Level 4.6 Shields


You had 5 spell levels left.
You didn't know any spells.

Dungeon Overview and Level Annotations

Branches:
Dungeon (4/15)
 Temple: D:4-7

Altars:
Qazlal

Annotations:
D:3 Crazy Yiuf
D:4 Ijyb


Message History

Ijyb zaps a wand.
The bolt of acid hits you! The acid corrodes you!
You are splashed with acid!
The acid burns!
It is a wand of acid (?/15).
You are too injured to fight recklessly!
You are too injured to fight recklessly!
You hit Ijyb.
Ijyb is moderately wounded.
Ijyb hits you with a club.
You slash Ijyb!
Ijyb is almost dead.
You block Ijyb's attack.
Your shield and scale mail prevent you from hitting Ijyb.
Ijyb is almost dead.
Ijyb hits you with a club.
* * * LOW HITPOINT WARNING * * *
You hit Ijyb but do no damage.
Ijyb is almost dead.
Ijyb hits you with a club.
* * * LOW HITPOINT WARNING * * *
Ijyb zaps a wand.
The bolt of acid hits you!
You die...

#.# #.#.# #.##%#.
#.# #.#.# #......
#.# #.#.# ####...
#.# #.#.# ##.. #.#
#.#.# #.# #.#
#.#.#########.# #.#
#.........>...#
##g#####.###########
#..@.....#
##########


You could see Ijyb.

Vanquished Creatures
  A centaur (D:4)
  A scorpion (D:4)
  Terence (D:2)
  Natasha (thrice) (D:2)
  A worker ant (D:4)
  Robin (D:2)
  7 adders
  2 worms
  A dart slug (D:1)
  A leopard gecko (D:2)
  2 orcs
  16 bats
  3 giant cockroaches
  21 goblins
  11 hobgoblins
  3 jackals
  9 kobolds
  A quokka (D:2)
  3 ball pythons
  A frilled lizard (D:2)
  A leopard gecko skeleton (D:4)
  A quokka skeleton (D:4)
  8 rats
99 creatures vanquished.

Notes
Turn   | Place    | Note
-------+----------+-------------------------------------------
     0 | D:1      | PasK the Hill Orc Fighter began the quest for the Orb.
     0 | D:1      | Reached XP level 1. HP: 19/19 MP: 1/1
   217 | D:1      | Reached XP level 2. HP: 22/27 MP: 2/2
   603 | D:1      | Reached XP level 3. HP: 33/33 MP: 3/3
   899 | D:1      | Reached skill level 3 in Axes
  1121 | D:2      | Reached XP level 4. HP: 38/40 MP: 4/4
  1319 | D:2      | Noticed Terence
  1336 | D:2      | Killed Terence
  1336 | D:2      | Reached skill level 4 in Axes
  1426 | D:2      | Noticed Natasha
  1459 | D:2      | Killed Natasha
  1459 | D:2      | Reached XP level 5. HP: 13/46 MP: 5/5
  1481 | D:2      | Noticed Natasha
  1488 | D:2      | Killed Natasha
  1488 | D:2      | Reached skill level 1 in Dodging
  1832 | D:2      | Noticed Robin
  1861 | D:2      | Killed Robin
  1861 | D:2      | Reached skill level 5 in Axes
  2005 | D:2      | Noticed Natasha
  2019 | D:2      | Killed Natasha
  2210 | D:2      | Reached XP level 6. HP: 45/52 MP: 6/6
  2520 | D:3      | Found a stormy altar of Qazlal.
  2727 | D:3      | Found a runed door.
  2881 | D:3      | Noticed Crazy Yiuf
  3519 | D:4      | Reached skill level 6 in Axes
  3564 | D:4      | Noticed Ijyb
  3578 | D:4      | Killed from afar by Ijyb

Skill      XL: |  1  2  3  4  5  6 |
---------------+-------------------+-----
Fighting       | 4 |  4.8
Axes           | 3 4 5 6 |  6.0
Shields        | 4 |  4.6
Armour         | 4 |  4.9
Dodging        | 1 |  1.1
Stealth        | |  0.1

Action                   |  1- 3 |  4- 6 || total
-------------------------+-------+-------++-------
Melee: War axe           |   109 |   217 ||   326
  Use: Potion            |       |     3 ||     3
       Scroll            |       |     1 ||     1
  Eat: Chunk             |     1 |     6 ||     7
       Bread ration      |       |     1 ||     1
Armor: Scale mail        |    72 |    80 ||   152
Dodge: Dodged            |    57 |    66 ||   123
Block: Shield            |    76 |   120 ||   196
